 Dungeon Crawl Stone Soup version 0.21.1-1-g345015fe64 (webtiles) character file.

5759 Kohma the Prestidigitator (level 10, -14/44 HPs)
             Began as a Spriggan Venom Mage on June 26, 2018.
             Was a Believer of Nemelex Xobeh.
             Demolished by a two-headed ogre
             ... wielding a +0 giant club
              (22 damage)
             ... on level 8 of the Dungeon.
             The game lasted 00:41:24 (11409 turns).

Kohma the Prestidigitator (Spriggan Venom Mage)    Turns: 11409, Time: 00:41:24

Health: -14/44     AC:  3    Str:  5    XL:     10   Next: 49%
Magic:  6/18       EV: 24    Int: 18    God:    Nemelex Xobeh [**....]
Gold:   66         SH:  0    Dex: 18    Spells: 3/19 levels left

rFire    + + .     SeeInvis +   a - +3 rapier of Pain and Death {venom, rF++}
rCold    . . .     Gourm    .   (shield restricted)
rNeg     + . .     Faith    .   w - +1 robe
rPois    .         Spirit   .   (helmet restricted)
rElec    .         Reflect  .   (no cloak)
rCorr    .         Harm     .   (gloves unavailable)
MR       ++...                  (boots unavailable)
Stlth    ++++......             (no amulet)
HPRegen  0.14/turn              h - ring of positive energy
MPRegen  0.16/turn              k - ring of protection from magic

@: very quick
A: very small, unfitting armour, see invisible, herbivore, speed 3, slow
metabolism 2
a: Renounce Religion


You were on level 8 of the Dungeon.
You worshipped Nemelex Xobeh.
Nemelex Xobeh was pleased with you.
You were not hungry.

You visited 2 branches of the dungeon, and saw 9 of its levels.

You collected 332 gold pieces.
You spent 266 gold pieces at shops.

Inventory:

Hand Weapons
 a - the +3 rapier of Pain and Death (weapon) {venom, rF++}
   (You found it on level 5 of the Dungeon)

   It poisons the flesh of those it strikes.
   It greatly protects you from fire.
 D - a +1 dagger of venom
 G - a +2 shortbow of freezing
Missiles
 e - 35 bolts
 u - a throwing net (quivered)
 H - 47 arrows
Armour
 w - a +1 robe (worn)
 J - a +0 buckler
Jewellery
 h - a ring of positive energy (left hand)
 k - a ring of protection from magic (right hand)
 q - an uncursed ring of flight
 y - an uncursed ring of protection from cold {unknown}
 O - a +6 ring of intelligence {unknown}
Wands
 o - a wand of scattershot (1)
 x - a wand of flame (17)
 I - a wand of paralysis (11)
 L - a wand of enslavement (11)
 M - a wand of acid (9)
Scrolls
 i - 2 scrolls of fear
 j - 2 scrolls of remove curse
 m - 2 scrolls of magic mapping
 r - a scroll of teleportation
 z - 2 scrolls of blinking
 B - a scroll of amnesia
 N - a scroll of identify
 Q - a scroll of enchant weapon
Potions
 d - 2 potions of magic
 f - 3 potions of agility
 g - 2 potions of heal wounds
 l - 2 potions of lignification
 n - 4 potions of flight
 p - 3 potions of curing
 s - 6 potions of resistance
 v - a potion of haste {unknown}
 A - a potion of cancellation
 C - 2 potions of mutation {unknown}
 E - a potion of invisibility {unknown}
 K - a potion of brilliance {unknown}
Books
 b - a Young Poisoner's Handbook

   Spells                             Type                      Level
   a - Sting                          Conjuration/Poison           1
   b - Poisonous Vapours              Poison/Air                   2
   c - Mephitic Cloud                 Conjuration/Poison/Air       3
   d - Olgreb's Toxic Radiance        Poison                       4
   e - Venom Bolt                     Conjuration/Poison           5
 t - a book of Maledictions

   Spells                             Type                      Level
   a - Corona                         Hexes                        1
   b - Ensorcelled Hibernation        Hexes/Ice                    2
   c - Confuse                        Hexes                        3
   d - Tukima's Dance                 Hexes                        3
   e - Dazzling Spray                 Conjuration/Hexes            3
 F - a book of Geomancy

   Spells                             Type                      Level
   a - Sandblast                      Earth                        1
   b - Passwall                       Transmutation/Earth          2
   c - Stone Arrow                    Conjuration/Earth            3
   d - Petrify                        Transmutation/Earth          4
   e - Lee's Rapid Deconstruction     Earth                        5
Miscellaneous
 P - a plain deck of summoning
Comestibles
 c - 7 rations


   Skills:
 + Level 4.1 Short Blades
 - Level 8.1 Dodging
 - Level 8.1 Stealth
 - Level 5.2 Spellcasting
 - Level 0.6 Conjurations
 * Level 4.9 Hexes
 + Level 3.1 Ice Magic
 - Level 4.5 Air Magic
 - Level 8.0 Poison Magic
 + Level 1.3 Invocations
 - Level 9.1 Evocations


You had 3 spell levels left.
You knew the following spells:

 Your Spells              Type           Power        Failure   Level  Hunger
a - Confuse               Hex            ###.....     5%          3    ##.....
b - Poisonous Vapours     Pois/Air       ####..       1%          2    #......
c - Mephitic Cloud        Conj/Pois/Air  ###.....     6%          3    ##.....
d - Olgreb's Toxic Radia  Pois           ####....     4%          4    ####...
e - Sticks to Snakes      Tmut           #.......     21%         2    #......
f - Ensorcelled Hibernat  Hex/Ice        ###...       3%          2    #......


Dungeon Overview and Level Annotations

Branches:
Dungeon (8/15)             Temple (1/1) D:4            Lair (0/6) D:8

Altars:
Ashenzari
Cheibriados
Dithmenos
Elyvilon
Fedhas
Gozag
Hepliaklqana
Kikubaaqudgha
Makhleb
Nemelex Xobeh
Okawaru
Qazlal
Ru
Sif Muna
Uskayaw
Vehumet
Wu Jian
Xom
Yredelemnul
Zin
The Shining One

Shops:
D:5 !   D:6 :(=   D:7 %

Annotations:
D:3 gorpus's ghost, weakling OpTm


Innate Abilities, Weirdness & Mutations

You are very small and have problems with some larger weapons.
You are too small for most types of armour.
You have supernaturally acute eyesight. (SInv)
You are a herbivore.
You cover ground extremely quickly.
You need consume almost no food.


Message History

The two-headed ogre is severely wounded.
The two-headed ogre hits you with a giant club!
The two-headed ogre closely misses you.
You completely miss the two-headed ogre.
The two-headed ogre is severely wounded.
Found 15 arrows.
Casting: Ensorcelled Hibernation
Confirm with . or Enter, or press ? or * to list all spells.
Aiming: Poisonous Vapours
Press: ? - help, Dir - move target cursor, f/p - two-headed ogre
Aim: a two-headed ogre, wielding two giant clubs (almost dead, poisoned) Poisonous vapours surround the two-headed ogre!
The two-headed ogre is engulfed in poison gas.
The two-headed ogre looks as sick as possible!
The two-headed ogre hits you with a giant club!
* * * LOW HITPOINT WARNING * * *
The two-headed ogre hits you with a giant club!!
Ouch! That really hurt!
You die...
Your body disappears without a glow.

##.##'#######.# #.#
#.....†.......#. (... #.#
#.............#.#...####.# #.#
..............#.#.... ... #.#
#........>....#.#...####..#####.#
......#######'#'#...+ ..........#
#######.†...........+###.#.#....#
#................#...#....#
.###.........@O..<..#......o.)
....................##.....[).#
...§.≈≈.....).................#
...§.≈.≈≈≈≈......#...####.).####
...#.≈≈.≈§≈≈................#...
...#.≈≈≈>§≈......#...####.......
.....≈≈≈§.§§.....#...# ##......
....≈≈≈≈≈≈.....#...# #......
...≈≈≈≈......#...# ##.....


You could see a two-headed ogre.

Vanquished Creatures
  A death knight (D:7)
  4 polar bears (D:7)
  2 hippogriffs (D:7)
  A yak (D:7)
  A wraith (D:7)
  A hog (D:7)
  2 hell hounds (D:8)
  A sky beast (D:7)
  Duvessa (D:5)
  An ice beast (D:6)
  8 black bears
  A necrophage (D:8)
  3 orc warriors
  2 centaurs (D:7)
  3 ogres
  A phantom (D:5)
  3 bullfrogs
  2 scorpions (D:5)
  Dowan (D:5)
  2 crimson imps
  2 hounds
  A bullfrog zombie (D:7)
  A jelly (D:8)
  6 orc priests
  2 bullfrog skeletons
  2 iguanas
  5 orc wizards
  3 worker ants
  A worker ant zombie (D:5)
  11 gnolls
  7 adders
  2 shadow imps
  An ooze (D:1)
  3 adder skeletons
  A worm (D:3)
  A dart slug (D:1)
  2 leopard geckos
  27 orcs
  3 ball pythons
  11 bats
  4 giant cockroaches
  8 goblins
  5 hobgoblins
  5 jackals
  3 quokkas
  A ball python skeleton (D:6)
  2 frilled lizards
  A jackal skeleton (D:5)
  A jackal zombie (D:6)
  3 kobolds
  A quokka skeleton (D:4)
  6 rats
173 creatures vanquished.

Vanquished Creatures (collateral kills)
  The ghost of P0WERM0DE the Reanimator, a novice OpNe (D:6)
1 creature vanquished.

Grand Total: 174 creatures vanquished

Notes
Turn   | Place    | Note
-------+----------+-------------------------------------------
     0 | D:1      | Kohma the Spriggan Venom Mage began the quest for the Orb.
     0 | D:1      | Reached XP level 1. HP: 9/9 MP: 5/5
   107 | D:1      | Reached XP level 2. HP: 13/13 MP: 0/7
   111 | D:1      | Learned a level 2 spell: Poisonous Vapours
   959 | D:2      | Reached XP level 3. HP: 16/16 MP: 3/9
  1466 | D:2      | Found a radiant altar of Vehumet.
  1914 | D:3      | Reached XP level 4. HP: 21/21 MP: 1/10
  2346 | D:3      | Noticed gorpus's ghost (weakling OpTm)
  2450 | D:3      | Reached skill level 5 in Dodging
  3128 | D:3      | Reached XP level 5. HP: 14/24 MP: 4/12
  3532 | D:4      | Found a staircase to the Ecumenical Temple.
  3551 | Temple   | Entered the Ecumenical Temple
  3554 | Temple   | Became a worshipper of Nemelex Xobeh the Trickster
  3571 | Temple   | Received a gift from Nemelex Xobeh
  3943 | D:4      | Noticed an orc warrior
  3952 | D:4      | Reached skill level 1 in Air Magic
  3959 | D:4      | Killed an orc warrior
  3959 | D:4      | Reached skill level 5 in Spellcasting
  3959 | D:4      | Reached XP level 6. HP: 28/28 MP: 5/14
  4271 | D:4      | Learned a level 3 spell: Mephitic Cloud
  4276 | D:4      | Learned a level 4 spell: Olgreb's Toxic Radiance
  4279 | D:4      | Learned a level 2 spell: Sticks to Snakes
  4394 | D:4      | Reached * piety under Nemelex Xobeh
  4411 | D:4      | Learned a level 2 spell: Ensorcelled Hibernation
  4463 | D:4      | Reached skill level 1 in Evocations
  4588 | D:5      | Entered Level 5 of the Dungeon
  4599 | D:5      | Got a scorched rapier
  4673 | D:5      | Reached skill level 2 in Evocations
  4742 | D:5      | Found Seixuylu's Distillery.
  4751 | D:5      | Bought a potion of cancellation for 96 gold pieces
  4751 | D:5      | Bought a potion of agility for 48 gold pieces
  4751 | D:5      | Bought a potion of degeneration for 12 gold pieces
  4764 | D:5      | Identified the +3 rapier of Pain and Death {venom, rF++} (You found it on level 5 of the Dungeon)
  4911 | D:5      | Reached XP level 7. HP: 13/32 MP: 15/15
  5187 | D:5      | Reached skill level 3 in Evocations
  5545 | D:5      | Noticed Dowan
  5549 | D:5      | Noticed Duvessa
  5550 | D:5      | Killed Dowan
  5550 | D:5      | Reached skill level 4 in Evocations
  5583 | D:5      | Killed Duvessa
  5694 | D:5      | Found a blossoming altar of Fedhas.
  5712 | D:5      | Found a stormy altar of Qazlal.
  6081 | D:6      | Found Wewub's Book Shop.
  6096 | D:6      | Learned a level 3 spell: Confuse
  6113 | D:6      | Found a shattered altar of Ashenzari.
  6221 | D:6      | Received a gift from Nemelex Xobeh
  6266 | D:6      | Reached skill level 5 in Evocations
  6337 | D:6      | Found a white marble altar of Elyvilon.
  6428 | D:6      | Reached XP level 8. HP: 36/36 MP: 11/16
  6444 | D:6      | Reached skill level 5 in Poison Magic
  6612 | D:6      | Reached ** piety under Nemelex Xobeh
  6632 | D:6      | Found a shadowy altar of Dithmenos.
  6712 | D:6      | Found a shimmering altar of Xom.
  6723 | D:6      | Found an ancient bone altar of Kikubaaqudgha.
  6761 | D:6      | Found Qasuxt's Jewellery Emporium.
  6761 | D:6      | Noticed P0WERM0DE's ghost (novice OpNe)
  6924 | D:6      | Killed P0WERM0DE's ghost
  6924 | D:6      | Reached skill level 6 in Evocations
  7161 | D:6      | Found Omoixam's Weapon Shoppe.
  7318 | D:6      | Found a basalt altar of Yredelemnul.
  7450 | D:7      | Reached skill level 7 in Evocations
  7752 | D:7      | Noticed a death knight
  7756 | D:7      | Noticed a skeletal warrior
  7765 | D:7      | Noticed a freezing wraith
  7783 | D:7      | Found Buahy's Food Shoppe.
  7827 | D:7      | Killed a death knight
  7827 | D:7      | Reached skill level 9 in Evocations
  7827 | D:7      | Reached XP level 9. HP: 25/38 MP: 1/17
  8761 | D:7      | Reached skill level 1 in Hexes
  8777 | D:7      | Reached skill level 1 in Short Blades
  8886 | D:7      | Bought a ration for 55 gold pieces
  8886 | D:7      | Bought a ration for 55 gold pieces
  8902 | D:7      | Found a huge runed gate.
  8903 | D:7      | Found a huge runed gate.
  8904 | D:7      | Found a huge runed gate.
  8904 | D:7      | Noticed a polar bear
  8905 | D:7      | Found a huge runed gate.
  8905 | D:7      | Noticed a polar bear
  8906 | D:7      | Noticed a polar bear
  8906 | D:7      | Noticed a polar bear
  8925 | D:7      | Killed a polar bear
  8925 | D:7      | Reached skill level 1 in Ice Magic
  8927 | D:7      | Reached skill level 5 in Stealth
  8958 | D:7      | Killed a polar bear
  8958 | D:7      | Reached XP level 10. HP: 44/44 MP: 1/18
 10280 | D:7      | Found a snail-covered altar of Cheibriados.
 10912 | D:8      | Found a staircase to the Lair.
 10990 | D:8      | Received a gift from Nemelex Xobeh
 11138 | D:8      | Reached skill level 1 in Invocations
 11391 | D:8      | Noticed a two-headed ogre
 11409 | D:8      | Demolished by a two-headed ogre

Skill      XL: |  1  2  3  4  5  6  7  8  9 10 |
---------------+-------------------------------+-----
Spellcasting   | 3 4 5 |  5.2
Dodging        | 4 5 6 7 8 |  8.1
Air Magic      | 1 2 4 |  4.5
Poison Magic   | 4 6 8 |  8.0
Evocations     | 2 5 9 |  9.1
Stealth        | 6 8 |  8.1
Hexes          | 2 4 |  4.9
Short Blades   | 2 4 |  4.1
Ice Magic      | 1 3 |  3.1
Invocations    | 1 |  1.3
Conjurations   | |  0.6

Action                   |  1- 3 |  4- 6 |  7- 9 | 10-12 || total
-------------------------+-------+-------+-------+-------++-------
Melee: Whip              |    13 |    29 |       |       ||    42
       Rapier            |       |    27 |    99 |    56 ||   182
       Dagger            |       |     8 |       |       ||     8
Throw: Throwing net      |       |       |     1 |       ||     1
 Cast: Sting             |    18 |     2 |     1 |       ||    21
       Poisonous Vapours |    42 |    67 |    74 |    46 ||   229
       Mephitic Cloud    |       |       |     5 |       ||     5
       Olgreb's Toxic Ra |       |       |     5 |     4 ||     9
       Confuse           |       |       |    10 |    20 ||    30
       Ensorcelled Hiber |       |       |     1 |     5 ||     6
Evoke: Deck              |       |     1 |     9 |       ||    10
       Wand              |       |       |     5 |     6 ||    11
  Use: Scroll            |     4 |     8 |     3 |     5 ||    20
       Potion            |       |       |     1 |       ||     1
 Stab: Sleeping          |       |     2 |     6 |       ||     8
       Confused          |       |       |       |     4 ||     4
       Distracted        |       |       |       |     1 ||     1
  Eat: Ration            |       |     3 |     3 |     2 ||     8
Armor: Robe              |     5 |     4 |     8 |     8 ||    25
Dodge: Dodged            |    23 |    73 |   125 |    82 ||   303
